 Dungeon Crawl Stone Soup version 0.31-a0-731-ga75f04deac (webtiles) character file.

Game seed: 7720824737541409731

291 AdnanSaban the Covered (level 6, -3/38 HPs)
             Began as a Gargoyle Fighter on Sept 12, 2023.
             Slain by an ogre
             ... wielding a +0 giant club
              (17 damage)
             ... on level 4 of the Dungeon.
             The game lasted 00:02:40 (2889 turns).

AdnanSaban the Covered (Gargoyle Fighter)           Turns: 2889, Time: 00:02:41

Health: -3/38      AC: 14    Str: 21    XL:     6   Next: 32%
Magic:  6/6        EV:  8    Int:  9    God:
Gold:   146        SH:  4    Dex:  9    Spells: 5/5 levels left

rFire   . . .        a - +0 flail
rCold   . . .        c - +0 buckler
rNeg    + . .        p - +0 chain mail
rPois   ∞            (no helmet)
rElec   +            (no cloak)
rCorr   .            (no gloves)
SInv    .            (no boots)
Will    .....        q - amulet of the acrobat Stlth
                     (no ring)
HPRegen 0.26/turn    (no ring)
MPRegen 0.10/turn

%: acrobat
@: no status effects
A: sickness immunity, AC +4, negative energy resistance 1, electricity
resistance, torment resistance 1, petrification resistance
a: no special abilities


You were on level 4 of the Dungeon.
You visited 1 branch of the dungeon, and saw 4 of its levels.

You collected 146 gold pieces.

Inventory:

Hand Weapons
 a - a +0 flail (weapon)
Missiles
 e - 7 poisoned darts
 n - 8 boomerangs
 s - 4 darts of dispersal
Armour
 c - a +0 buckler (worn)
 p - a +0 chain mail (worn)
Jewellery
 q - an amulet of the acrobat (around neck)
Scrolls
 f - 6 scrolls of identify {unknown}
 i - a scroll of revelation {unknown}
 j - a scroll of poison {unknown}
 k - a scroll of immolation {unknown}
 r - a scroll of enchant armour {unknown}
Potions
 b - a potion of degeneration {unknown}
 d - 3 potions of might
 g - a potion of curing {unknown}
 h - a potion of heal wounds {unknown}
 l - 2 potions of attraction {unknown}
 m - a potion of ambrosia {unknown}
 o - 2 potions of resistance {unknown}
 t - a potion of mutation {unknown}


   Skills:
 + Level 4.2 Fighting
 + Level 4.2 Maces & Flails
 + Level 4.6 Armour
 + Level 1.1 Dodging
 + Level 4.1 Shields


You had 5 spell levels left.
You didn't know any spells.
Your spell library contained the following spells:

 Spells                   Type           Power      Damage    Failure   Level
 Magic Dart               Conj           0%         1d3       97%         1
 Call Imp                 Summ           0%         N/A       99%         2
 Mephitic Cloud           Conj/Pois/Air  0%         N/A       100%        3


Dungeon Overview and Level Annotations

Branches:
Dungeon (4/15)
 Temple: D:4-7

Altars:
Dithmenos


Innate Abilities, Weirdness & Mutations

You are immune to sickness and miasma.
Your stone body is resilient. (AC +4)
You are immune to poison.
You resist negative energy. (rN+)
You are resistant to electric shocks. (rElec)
You are resistant to unholy torment.
You are immune to petrification.


Message History

The kobold hits you but does no damage.
You hit the ogre.
The ogre is lightly wounded.
The ogre closely misses you.
The kobold hits you but does no damage. x2
You barely miss the ogre.
The ogre is lightly wounded.
The ogre completely misses you. The kobold hits you but does no damage.
You closely miss the ogre.
The ogre is lightly wounded.
The kobold closely misses you. The ogre barely misses you.
You thump the ogre!
The ogre is heavily wounded.
You block the kobold's attack. The ogre hits you but does no damage.
You closely miss the ogre.
The ogre is heavily wounded.
The kobold hits you but does no damage.
You hit the ogre.
The ogre is severely wounded.
The ogre closely misses you. The kobold hits you with a +0 whip.
The kobold hits you but does no damage.
You sock the ogre!
The ogre is almost dead.
The ogre hits you but does no damage. The kobold barely misses you.
You barely miss the ogre.
The ogre is almost dead.
The ogre hits you with a +0 giant club!!
Ouch! That really hurt!
The kobold barely misses you.
You are too injured to fight recklessly!
You are too injured to fight recklessly!
You are too injured to fight recklessly!
You are too injured to fight recklessly!
You are too injured to fight recklessly!
You are too injured to fight recklessly!
You are too injured to fight recklessly!
You are too injured to fight recklessly!
You hit the ogre.
The ogre is almost dead.
The kobold hits you but does no damage. The ogre hits you with a +0 giant club!
You die...

#.##################
#.# #.##### #####
#### #.#...# #...#
#...
#.#...#####...###...
#.....+.............
###...#####...######
#...# ##........
#@..# #.######.
#OK.# #.#......
........### .......
.....<... ..........
.....######.#.####.
.........# ......#
#.#...... .........
.....### #.#######
........# ....... #.
........# #.......
......>.# ######


You could see an ogre and a kobold.

Vanquished Creatures
  A phantom (D:3)
  3 iguanas
  Natasha (D:2)
  A gnoll (D:1)
  3 adders
  3 orcs
  5 ball pythons
  12 bats
  6 endoplasms
  5 giant cockroaches
  5 goblins
  10 hobgoblins
  8 kobolds
  4 quokkas
  5 frilled lizards
  5 rats
77 creatures vanquished.

Notes
Turn   | Place    | Note
-------+----------+-------------------------------------------
     0 | D:1      | AdnanSaban the Gargoyle Fighter began the quest for the
                  | Orb.
     0 | D:1      | Reached XP level 1. HP: 14/14 MP: 1/1
   109 | D:1      | Reached XP level 2. HP: 19/19 MP: 2/2
   536 | D:1      | Reached XP level 3. HP: 9/24 MP: 3/3
  1513 | D:2      | Reached XP level 4. HP: 29/29 MP: 4/4
  1560 | D:2      | Noticed Natasha
  1575 | D:2      | Killed Natasha
  1598 | D:2      | Found a shadowy altar of Dithmenos.
  1814 | D:3      | Found a faded altar of an unknown god.
  2029 | D:3      | Reached XP level 5. HP: 5/33 MP: 5/5
  2292 | D:3      | Noticed a phantom
  2314 | D:3      | Killed a phantom
  2367 | D:3      | Reached skill level 1 in Dodging
  2373 | D:3      | Reached XP level 6. HP: 38/38 MP: 6/6
  2889 | D:4      | Slain by an ogre

Illustrated notes

Levels and vault maps discovered:
D:1:      dpeg_arrival_snail, layout_basic
D:2:      layout_basic, basic_altar, uniq_natasha
D:3:      layout_rooms, hellmonk_ecumenical_altar_leap_of_faith,
          dreamdust_princess_bridge, minmay_joined_circles
D:4:      layout_basic, chei_slow_surprise

Skill      XL: |  1  2  3  4  5  6 |
---------------+-------------------+-----
Armour         | 4 |  4.6
Maces & Flails | 3 4 |  4.2
Fighting       | 4 |  4.2
Shields        | 4 |  4.1
Dodging        | 1 |  1.1

Action                     |  1- 3 |  4- 6 || total
---------------------------+-------+-------++-------
  Melee: Flail             |   164 |   166 ||   330
 Armour: Scale mail        |   129 |    24 ||   153
         Chain mail        |       |   149 ||   149
  Dodge: Dodged            |   100 |    83 ||   183
  Block: Buckler           |    46 |    48 ||    94

Table legend: (Time is in decaauts)
 A = Elapsed time spent in this place.
 B = Non-inter-level travel time spent in this place.
 C = Inter-level travel time spent in this place.
 D = Time resting spent in this place.
 E = Time spent auto-exploring this place.
 F = Levels seen in this place.
 G = Mean time per level.
                   A        B        C        D        E       F      G
               +--------+--------+--------+--------+--------+-----+--------+
         Total |   2997 |   2861 |    136 |    160 |   1998 |   4 |  749.2 |
       Dungeon |   2997 |   2861 |    136 |    160 |   1998 |   4 |  749.2 |
               +--------+--------+--------+--------+--------+-----+--------+

Top non-repeatable levels by time:
     D:1: 1120 daAuts
     D:2: 890 daAuts
     D:3: 714 daAuts
     D:4: 273 daAuts
